 Dungeon Crawl Stone Soup version 0.20-a0-1000-g0e8f6bb (webtiles) character file.

857 MirrMurr the Poker (level 7, -3/55 HPs)
             Began as a Demonspawn Gladiator on Apr 12, 2017.
             Was an Initiate of Okawaru.
             Slain by an ice beast (10 damage)
             ... on level 5 of the Dungeon.
             The game lasted 00:13:14 (4013 turns).

MirrMurr the Poker (Demonspawn Gladiator)           Turns: 4013, Time: 00:13:15

Health: -3/55      AC: 11    Str: 20    XL:     7   Next: 70%
Magic:  7/7        EV:  9    Int:  9    God:    Okawaru [......]
Gold:   151        SH:  4    Dex: 14    Spells: 6/6 levels left

rFire    . . .     SeeInvis .   b - +0 halberd
rCold    . . .     Gourm    .   (shield currently unavailable)
rNeg     . . .     Faith    .   m - +0 chain mail
rPois    +         Spirit   .   c - +1 helmet
rElec    .         Reflect  .   (no cloak)
rCorr    .         Harm     .   A - +0 pair of gloves (curse)
MR       .....                  (boots unavailable)
Stlth    ..........             (no amulet)
Regen    0.2/turn               v - +3 ring of strength
MPRegen  0.1/turn               y - ring of poison resistance

@: no status effects
A: talons 3, large bone plates 1, demonic guardian 1
a: Renounce Religion


You were on level 5 of the Dungeon.
You worshipped Okawaru.
Okawaru was noncommittal.
You were hungry.

You visited 2 branches of the dungeon, and saw 6 of its levels.
You also visited: Sewer.

You collected 151 gold pieces.

Inventory:

Hand Weapons
 a - a +0 trident
 b - a +0 halberd (weapon)
Missiles
 d - 2 throwing nets (quivered)
 l - 98 stones
 x - 22 poisoned needles
Armour
 c - a +1 helmet (worn)
 m - a +0 chain mail (worn)
 A - a cursed +0 pair of gloves (worn)
Jewellery
 g - an uncursed ring of protection from magic {unknown}
 v - a +3 ring of strength (left hand)
 y - a ring of poison resistance (right hand)
Wands
 s - a wand of random effects (19/48)
 w - a wand of paralysis (8/24)
Scrolls
 n - 4 scrolls of teleportation
 o - a scroll of blinking
 q - 2 scrolls of recharging
 r - a scroll of remove curse
Potions
 e - 3 potions of heal wounds
 h - a potion of might {unknown}
 j - 2 potions of curing
 k - 3 potions of magic
 p - 2 potions of flight
 t - a potion of cancellation {unknown}
Comestibles
 f - 3 bread rations
 i - 4 royal jellies


   Skills:
 + Level 4.6 Fighting
 * Level 6.3 Polearms
 - Level 1.7 Throwing
 + Level 4.7 Dodging


You had 6 spell levels left.
You didn't know any spells.

Dungeon Overview and Level Annotations

Branches:
Dungeon (5/15)             Temple (1/1) D:5

Altars:
Ashenzari
Cheibriados
Dithmenos
Elyvilon
Fedhas
Gozag
Hepliaklqana
Kikubaaqudgha
Makhleb
Nemelex Xobeh
Okawaru
Qazlal
Ru
Sif Muna
Trog
Uskayaw
Vehumet
Wu Jian
Xom
Yredelemnul
Zin
The Shining One

Annotations:
D:3 MirrMurr's ghost, amateur DsGl


Innate Abilities, Weirdness & Mutations

You have claws for feet.
You are partially covered in large bone plates. (SH +4)
A weak demonic guardian rushes to your aid.


Message History

The ice beast hits you but does no damage.
You hit the ice beast. Your kick misses the ice beast.
The ice beast is severely wounded.
The ice beast hits you but does no damage.
You closely miss the ice beast.
You claw the ice beast, but do no damage.
The ice beast is severely wounded.
The ice beast hits you but does no damage.
A worker ant comes into view.
You barely miss the ice beast.
The worker ant twitches its antennae in your direction.
Your kick misses the ice beast.
The ice beast is severely wounded.
The ice beast hits you but does no damage.
The two-headed ogre hits you with a giant club! x2
* * * LOW HITPOINT WARNING * * *
The ice beast hits you.
* * * LOW HITPOINT WARNING * * *
The ice beast freezes you!
You die...

####...#.###.#.#
#.<........#.#.#
##..#....(.......#
.................#
#####..a........)#
#..#.........#
##.#..#.O....##.#
#......†Y.......
####.....@...##..
.......>.........>
.###.##...........
.....#.........
##..............
#....#########.
#####


You could see a two-headed ogre and an ice beast.

Vanquished Creatures
  A sky beast (D:5)
  2 ogres (D:4)
  A centaur (D:5)
  A big kobold (Sewer)
  A scorpion (D:4)
  2 howler monkeys
  2 orc priests
  2 orc wizards (D:4)
  A hound zombie (D:5)
  A gnoll (D:1)
  2 river rats (Sewer)
  3 adders (D:4)
  An ooze (D:3)
  3 worms (D:2)
  2 dart slugs
  6 leopard geckos
  8 orcs
  4 bats
  8 giant cockroaches
  7 goblins
  4 hobgoblins
  9 jackals
  11 kobolds
  2 quokkas
  2 frilled lizards
  A quokka skeleton (D:4)
  8 rats
95 creatures vanquished.

Vanquished Creatures (collateral kills)
  An ogre (D:4)
  A hound (D:4)
  An orc wizard (D:3)
  A worm (D:4)
  An orc (D:3)
  A ball python (D:3)
  A jackal (D:4)
7 creatures vanquished.

Grand Total: 102 creatures vanquished

Notes
Turn   | Place    | Note
-------+----------+-------------------------------------------
     0 | D:1      | MirrMurr the Demonspawn Gladiator began the quest for the Orb.
     0 | D:1      | Reached XP level 1. HP: 16/16 MP: 1/1
    73 | D:1      | Reached skill level 3 in Polearms
    73 | D:1      | Gained mutation: You are partially covered in large bone plates. (SH +4) [demonic ancestry]
    73 | D:1      | Reached XP level 2. HP: 22/22 MP: 2/2
   541 | D:1      | Gained mutation: A weak demonic guardian rushes to your aid. [demonic ancestry]
   541 | D:1      | Reached XP level 3. HP: 27/27 MP: 3/3
  1562 | D:3      | Found a sacrificial altar of Ru.
  1591 | D:3      | Reached XP level 4. HP: 34/34 MP: 4/4
  1726 | D:3      | Reached skill level 4 in Polearms
  1851 | D:3      | Noticed MirrMurr's ghost (amateur DsGl)
  2134 | D:4      | Gained mutation: You have sharp toenails. [demonic ancestry]
  2134 | D:4      | Reached XP level 5. HP: 41/41 MP: 5/5
  2337 | D:4      | Gained mutation: You have razor-sharp toenails. [demonic ancestry]
  2337 | D:4      | Reached XP level 6. HP: 28/47 MP: 6/6
  2345 | D:4      | Reached skill level 5 in Polearms
  2509 | D:4      | Found a glowing drain.
  2518 | Sewer    | Entered a sewer
  3080 | Sewer    | Found a glowing silver altar of Zin.
  3196 | D:4      | Gained mutation: You have claws for feet. [demonic ancestry]
  3196 | D:4      | Reached XP level 7. HP: 44/54 MP: 7/7
  3443 | D:5      | Entered Level 5 of the Dungeon
  3453 | D:5      | Reached skill level 6 in Polearms
  3462 | D:5      | Found a blossoming altar of Fedhas.
  3471 | D:5      | Found a staircase to the Ecumenical Temple.
  3488 | Temple   | Entered the Ecumenical Temple
  3626 | Temple   | Became a worshipper of Warmaster Okawaru
  3953 | D:5      | Noticed a two-headed ogre
  4013 | D:5      | Slain by an ice beast

Vault maps used:
D:1:      scummos_arrival_forest
D:3:      first_bread, nicolae_ru_awakened_eye
D:4:      portal_sewer_entry_f
D:5:      lemuel_doored_altar, minmay_temple_entry_grid
Temple:   kilobyte_greek_temple
Sewer:    sewer_kobolds

Skill      XL: |  1  2  3  4  5  6  7 |
---------------+----------------------+-----
Polearms       | 3 4 5 6 |  6.3
Dodging        | 3 4 |  4.7
Fighting       | 3 4 |  4.6
Throwing       | |  1.7

Action                   |  1- 3 |  4- 6 |  7- 9 || total
-------------------------+-------+-------+-------++-------
Melee: Trident           |     5 |       |       ||     5
       Halberd           |   142 |   187 |    58 ||   387
       Kick              |       |    32 |    19 ||    51
Throw: Javelin           |       |       |     2 ||     2
       Throwing net      |       |       |     1 ||     1
  Use: Scroll            |     6 |     6 |       ||    12
       Potion            |       |     1 |       ||     1
 Stab: Distracted        |       |     1 |       ||     1
  Eat: Chunk             |     2 |     6 |     2 ||    10
Armor: Leather armour    |    11 |       |       ||    11
       Chain mail        |    37 |   111 |    24 ||   172
Dodge: Dodged            |    55 |    90 |    17 ||   162
Block: Other             |    20 |    40 |     9 ||    69
